 Dungeon Crawl Stone Soup version 0.27-a0-1065-ge809cff456 (webtiles) character file.

Game seed: 8052229851311507502

37 tardwrangler69 the Digger (level 3, 0/21 HPs)
             Began as an Octopode Earth Elementalist on Apr 22, 2021.
             Slain by a bat (1 damage)
             ... on level 3 of the Dungeon.
             The game lasted 00:01:11 (2536 turns).

tardwrangler69 the Digger (OpEE)                    Turns: 2536, Time: 00:01:12

Health: 0/21       AC:  1    Str:  7    XL:     3   Next: 39%
Magic:  6/6        EV: 13    Int: 18    God:
Gold:   73         SH:  0    Dex: 12    Spells: 6/7 levels left

rFire    . . .     SeeInvis .   d - +0 dagger
rCold    . . .     Faith    .   (no shield)
rNeg     . . .     Spirit   .   (helmet restricted)
rPois    .         Reflect  .   (no amulet)
rElec    .         Harm     .   (no ring)
rCorr    .         Rampage  .   (no ring)
Will     .....                  (no ring)
Stlth    +++.......             (no ring)
HPRegen  0.07/turn              (no ring)
MPRegen  0.10/turn              (no ring)
                                (no ring)
                                (no ring)

@: no status effects
A: almost no armour, amphibious, 8 rings, camouflage 1, gelatinous body 1,
(nimble swimmer 1), tentacles
a: no special abilities


You were on level 3 of the Dungeon.
You visited 1 branch of the dungeon, and saw 3 of its levels.

You collected 73 gold pieces.

Inventory:

Hand Weapons
 d - a +0 dagger (weapon)
Missiles
 b - 78 stones
Scrolls
 a - a scroll of enchant weapon {unknown}
 c - a scroll of identify {unknown}
 e - a scroll of teleportation {unknown}
 g - a scroll of fear {unknown}
Potions
 f - a potion of lignification {unknown}


   Skills:
 - Level 2.0 Dodging
 - Level 2.6 Stealth
 + Level 2.5 Spellcasting
 - Level 1.0 Transmutations
 * Level 4.0 Earth Magic


You had 6 spell levels left.
You knew the following spells:

 Your Spells              Type           Power      Damage    Failure   Level
a - Sandblast             Erth           32%        2d9       3%          1

Your spell library contained the following spells:

 Spells                   Type           Power      Damage    Failure   Level
 Passwall                 Tmut/Erth      9%         N/A       10%         2
 Magic Dart               Conj           8%         1d3       17%         1
 Stone Arrow              Conj/Erth      18%        3d8       22%         3
 Searing Ray              Conj           4%         3d3       26%         2
 Dazzling Flash           Conj/Hex       4%         N/A       45%         3
 Petrify                  Tmut/Erth      11%        N/A       52%         4
 Lee's Rapid Deconstruct  Erth           8%         3d8*      67%         5
 Fulminant Prism          Conj/Hex       1%         3d6       86%         4
 Iskenderun's Mystic Bla  Conj/Tloc      2%         2d3       86%         4


Dungeon Overview and Level Annotations

Branches:
Dungeon (3/15)

Altars:
Fedhas


Innate Abilities, Weirdness & Mutations

You cannot wear most types of armour.
You are amphibious.
You can wear up to eight rings at the same time.
Your skin changes colour to match your surroundings (Stealth+).
Your rubbery body absorbs attacks. (AC +1, EV +1)
((You are camouflaged near water. (Stealth+)))
You have tentacles for arms and can constrict up to eight enemies at once.


Message History

No target in view!
Found a faded altar of an unknown god.
There is a faded altar of an unknown god here.
There is a faded altar of an unknown god here.
You see here 11 poisoned darts.
You see here 14 bolts.
A frilled lizard comes into view.
A frilled lizard is nearby!
A hobgoblin comes into view.
A quokka and an endoplasm come into view.
The hobgoblin shouts!
The endoplasm quivers.
A bat comes into view.
Found a hand axe.
You see here a +0 mace.
The frilled lizard hisses angrily.
The bat misses you. The frilled lizard closely misses you.
You closely miss the frilled lizard. You grab the frilled lizard.
You constrict the frilled lizard. The bat closely misses you.
The frilled lizard hisses.
The frilled lizard bites you.
You hit the frilled lizard but do no damage.
You squeeze the frilled lizard.
You kill the frilled lizard!
The bat barely misses you. The quokka barely misses you.
You closely miss the quokka. Your grab misses the quokka. The quokka bites you.
The bat hits you but does no damage. The endoplasm freezes you.
You are frozen.
The hobgoblin hits you.
You closely miss the bat. You grab the bat. You constrict the bat.
The bat hits you.
The bat struggles to escape constriction.
The quokka misses you.
The bat escapes!
The endoplasm freezes you.
You are frozen.
* * * LOW HITPOINT WARNING * * *
The hobgoblin hits you.
* * * LOW HITPOINT WARNING * * *
The bat hits you.
You die...

....# #................#
....# #................#
....# ##...............#
....######
##.............##
.........####......#.....##
....####......############
....# ####...# ....#
#....#.#### ...##
#....#..)@######## ....
#...#####brg...... ....
#... #..J...... ... #...
#......... #... ..........
..## #.)........
#.......... #..........
..........#


You could see an endoplasm, a quokka, a hobgoblin and a bat.

Vanquished Creatures
  3 dart slugs
  2 bats
  4 endoplasms (D:1)
  A giant cockroach (D:1)
  2 hobgoblins (D:1)
  5 jackals
  A kobold (D:1)
  2 quokkas
  2 frilled lizards
  3 goblins
  A rat (D:1)
26 creatures vanquished.

Notes
Turn   | Place    | Note
-------+----------+-------------------------------------------
     0 | D:1      | tardwrangler69 the Octopode Earth Elementalist began the
                  | quest for the Orb.
     0 | D:1      | Reached XP level 1. HP: 11/11 MP: 3/3
   413 | D:1      | Reached XP level 2. HP: 8/17 MP: 3/5
  1827 | D:2      | Reached XP level 3. HP: 21/21 MP: 6/6
  2340 | D:3      | Found a blossoming altar of Fedhas.
  2460 | D:3      | Reached skill level 4 in Earth Magic
  2469 | D:3      | Found a faded altar of an unknown god.
  2535 | D:3      | HP: 1/21 [hobgoblin (5)]
  2536 | D:3      | Slain by a bat

Illustrated notes

Levels and vault maps discovered:
D:1:      scummos_arrival_hexagon, layout_loops_cross, kennysheep_minor_cross
D:2:      layout_basic
D:3:      layout_rooms, fedhas_altar_3, chequers_ecumenical_altar_grove

Skill      XL: |  1  2  3 |
---------------+----------+-----
Earth Magic    | 4 |  4.0
Dodging        | |  2.0
Stealth        | |  2.6
Spellcasting   | |  2.5
Transmutations | |  1.0

Action                   || total
-------------------------++-------
Melee: Unarmed           ||    23
       Tentacles         ||    14
       Constrict         ||    13
       Dagger            ||    29
 Cast: Sandblast         ||    11
 Stab: Sleeping          ||    10
Armor: Skin              ||     5
Dodge: Dodged            ||    36

Table legend: (Time is in decaauts)
 A = Elapsed time spent in this place.
 B = Non-inter-level travel time spent in this place.
 C = Inter-level travel time spent in this place.
 D = Time resting spent in this place.
 E = Time spent auto-exploring this place.
 F = Levels seen in this place.
 G = Mean time per level.
                   A        B        C        D        E       F      G
               +--------+--------+--------+--------+--------+-----+--------+
         Total |   2535 |   2483 |     52 |      0 |   2303 |   3 |  845.0 |
       Dungeon |   2535 |   2483 |     52 |      0 |   2303 |   3 |  845.0 |
               +--------+--------+--------+--------+--------+-----+--------+

Top non-repeatable levels by time:
     D:1: 1643 daAuts
     D:2: 692 daAuts
     D:3: 198 daAuts
